 Dungeon Crawl Stone Soup version 0.19-a0-1320-g0178847 (webtiles) character file.

2221 Gruud the Insei (level 9, -16/59 HPs)
             Began as a Demonspawn Assassin on Aug 30, 2016.
             Was a Follower of Qazlal.
             Demolished by a yak (21 damage)
             ... on level 8 of the Dungeon on Aug 31, 2016.
             The game lasted 00:24:38 (5761 turns).

Gruud the Insei (Demonspawn Assassin)               Turns: 5761, Time: 00:24:39

Health: -16/59     AC: 13    Str: 12    XL:     9   Next: 13%
Magic:  12/12      EV: 12    Int: 13    God:    Qazlal [*.....]
Gold:   282        SH:  2    Dex: 17    Spells: 0 memorised, 8 levels left

rFire  . . .     SeeInvis .       - Unarmed
rCold  . . .     Gourm    .     m - +0 ring mail
rNeg   . . .     Faith    .     (no shield)
rPois  .         Spirit   .     (helmet restricted)
rElec  .         Dismiss  .     d - +0 cloak
rCorr  .         Reflect  .     (no gloves)
MR     +....     Harm     .     w - +0 pair of boots
Stlth  +++.......               (no amulet)
                                S - ring of stealth
                                R - ring of flight

@: about to teleport, sanguine armour
A: claws 2, horns 1, frail 1, magic resistance 1, powered by death 1, screaming
1, slow regeneration 1, spiny 1, subdued magic 1, sanguine armour 1
a: Renounce Religion, Evoke Flight


You were on level 8 of the Dungeon.
You worshipped Qazlal.
Qazlal was aware of your devotion.
You were not hungry.

You visited 1 branch of the dungeon, and saw 8 of its levels.

You collected 282 gold pieces.

Inventory:

Hand Weapons
 a - a +2 dagger of venom
 b - a +0 blowgun
 f - the +0 morningstar of Peace {flame, rElec Int+6 Dex-5 Stlth+}
   (You found it on level 7 of the Dungeon)

   It has been specially enchanted to burn those struck by it, causing extra
   injury to most foes and up to half again as much damage against particularly
   susceptible opponents.
   It affects your intelligence (+6).
   It affects your dexterity (-5).
   It insulates you from electricity.
   It makes you more stealthy.
 F - a +0 long sword
 V - a +1 falchion of flaming
Missiles
 e - 15 poisoned needles
 y - a curare-tipped needle
 z - 5 tomahawks (quivered)
 O - 3 needles of sleeping
Armour
 c - a +0 robe
 d - a +0 cloak (worn)
 m - a +0 ring mail (worn)
 w - a +0 pair of boots (worn)
 A - a +1 helmet
 M - a +0 buckler
Jewellery
 v - an uncursed ring of teleportation
 C - an uncursed ring of fire
 R - a ring of flight (left claw)
 S - a ring of stealth (right claw)
Scrolls
 j - 4 scrolls of immolation {unknown}
 l - a scroll of recharging {unknown}
 o - a scroll of noise
 s - 3 scrolls of enchant weapon {unknown}
 t - 3 scrolls of amnesia {unknown}
 u - a scroll of magic mapping {unknown}
 x - 2 scrolls of fog {unknown}
 D - 5 scrolls of fear {unknown}
 E - a scroll of enchant armour {unknown}
 H - 2 scrolls of random uselessness {unknown}
 J - 2 scrolls of remove curse
 K - a scroll of brand weapon {unknown}
 P - a scroll of torment {unknown}
 T - a scroll of teleportation
Potions
 h - 2 potions of heal wounds
 i - a potion of lignification
 k - 2 potions of might
 r - a potion of curing
 B - a potion of berserk rage {unknown}
 G - a potion of cancellation {unknown}
 L - a potion of haste {unknown}
 Q - 3 potions of brilliance
 U - a potion of cure mutation {unknown}
Comestibles
 g - 7 bread rations
 n - 2 beef jerkies
 p - a royal jelly
 q - 4 chunks of flesh
 I - 6 fruits
 N - 2 meat rations


   Skills:
 - Level 4.6 Fighting
 - Level 1.7(3.0) Short Blades
 - Level 3.8(4.0) Long Blades
 - Level 1.7 Throwing
 - Level 3.7 Dodging
 - Level 3.6 Stealth
 * Level 7.8 Unarmed Combat
 + Level 5.3 Invocations


You had 8 spell levels left.
You didn't know any spells.

Dungeon Overview and Level Annotations

Branches:
Dungeon (8/15)             Temple (0/1) D:7            Lair (0/6) D:8

Altars:
Ashenzari
Fedhas
Gozag
Nemelex Xobeh
Qazlal
Ru
Vehumet
Xom
Zin
The Shining One

Shops:
D:4 (

Annotations:
D:3 Sigmund
D:4 azzavlup's ghost, amateur DsAK


Innate Abilities, Weirdness & Mutations

You have very sharp fingernails.
You regenerate a little health from kills.
You are partially covered in sharp spines.
When seriously injured, your bleeding wounds create armour. (AC +6)
You have a pair of small horns on your head.
You are frail. (-10% HP)
You are resistant to hostile enchantments. (MR+)
You occasionally shout uncontrollably at your foes.
You regenerate slowly when monsters are visible.
Your spells are a little easier to cast, but a little less powerful.


Message History

The plant is engulfed in freezing vapours.
The plant is engulfed in freezing vapours.
The dream sheep shake their wool and sparkle.
You feel drowsy...
You fall asleep.
The plant is engulfed in freezing vapours.
The yak gores the plant but does no damage.
The dream sheep bites the plant but does no damage.
The yak gores you!
You wake up.
* * * LOW HITPOINT WARNING * * *
The big kobold throws a stone.
The stone closely misses you.
The plant is engulfed in freezing vapours.
The dream sheep is struck by your spines.
The dream sheep completely misses you.
You see here a big kobold corpse.
As you read the scroll of teleportation, it crumbles to dust.
You feel strangely unstable.
The dream sheep shake their wool and sparkle.
You feel drowsy...
You fall asleep.
The yak gores you!!
You wake up.
You die...

#.# ###.# #.# #.# #...#
#.# #.# ### #.### #.# #.#
#>######.# #.# #.#
#........# #.# #.#
########.# #.# #.# #.#
#.# #.# #####.# #># #.#
#Y@...#### #.# #.#
#Y###....# #.# #.#
#####Y######.# #.######
#.#######PP≈.K.≈.# #.#
#.......
#..<....#P≈..Y...# #.#
###.####
#######.#≈≈P.%P%(# #.#
#.......
#.#P≈≈....%###.###......#
#.#.≈P.....#..........^.#
###+###'''####..........#


You could see 2 yaks, a big kobold and 2 dream sheep.

Vanquished Creatures
  Psyche (D:8)
  Eustachio (D:5)
  A water moccasin (D:6)
  2 sky beasts (D:7)
  A wasp (D:7)
  An ogre (D:7)
  A big kobold (D:8)
  2 giant frogs
  A wyvern zombie (D:6)
  A scorpion (D:5)
  A howler monkey (D:7)
  5 wights (D:7)
  A crimson imp (D:6)
  A centaur zombie (D:5)
  2 quasits
  A gnoll shaman (D:5)
  4 hounds
  2 jellies
  2 orc wizards (D:8)
  4 worker ants
  A hound skeleton (D:4)
  A howler monkey zombie (D:7)
  A worker ant zombie (D:5)
  12 adders
  A shadow imp (D:6)
  An ooze (D:2)
  2 adder skeletons (D:6)
  An adder zombie (D:5)
  2 worms
  2 dart slugs
  A giant gecko (D:6)
  8 orcs
  A ball python (D:2)
  5 giant cockroaches
  7 goblins
  7 hobgoblins
  16 jackals
  7 kobolds
  4 quokkas
  3 bats (D:1)
  A giant gecko skeleton (D:4)
  A giant gecko zombie (D:6)
  6 giant newts
  2 hobgoblin zombies (D:8)
  A jackal skeleton (D:8)
  A kobold skeleton (D:8)
  A kobold zombie (D:8)
  An orc skeleton (D:8)
  3 orc zombies (D:8)
  24 rats
159 creatures vanquished.

Notes
Turn   | Place    | Note
-------+----------+-------------------------------------------
     0 | D:1      | Gruud the Demonspawn Assassin began the quest for the Orb.
     0 | D:1      | Reached XP level 1. HP: 16/16 MP: 1/1
    12 | D:1      | Reached skill level 1 in Dodging
   214 | D:1      | Gained mutation: You are partially covered in sharp spines. [demonic ancestry]
   214 | D:1      | Reached XP level 2. HP: 22/23 MP: 2/2
   519 | D:1      | Reached XP level 3. HP: 24/28 MP: 3/3
  1111 | D:2      | Found a radiant altar of Vehumet.
  1201 | D:2      | Reached XP level 4. HP: 29/35 MP: 4/4
  2072 | D:3      | Noticed Sigmund
  2239 | D:4      | Noticed azzavlup's ghost (amateur DsAK)
  2239 | D:4      | Upgraded the game from 0.19-a0-1292-g796ee4d to 0.19-a0-1320-g0178847
  2242 | D:5      | Entered Level 5 of the Dungeon
  2310 | D:5      | Gained mutation: You regenerate a little health from kills. [demonic ancestry]
  2310 | D:5      | Reached XP level 5. HP: 42/42 MP: 5/5
  2406 | D:6      | Found a stormy altar of Qazlal.
  2581 | D:5      | Noticed Eustachio
  2609 | D:5      | Reached skill level 1 in Long Blades
  2609 | D:5      | Gained mutation: When seriously injured, your bleeding wounds create armour. (AC +6) [demonic ancestry]
  2609 | D:5      | Reached XP level 6. HP: 36/49 MP: 6/6
  2657 | D:5      | Killed Eustachio
  2770 | D:5      | Found a glowing golden altar of the Shining One.
  2830 | D:4      | Found a glowing silver altar of Zin.
  2830 | D:4      | Noticed an angel
  2846 | D:4      | Found a blossoming altar of Fedhas.
  3008 | D:4      | Found Tiumor's Weapon Emporium.
  3062 | D:4      | Found an opulent altar of Gozag.
  3369 | D:6      | Gained mutation: You have sharp fingernails. [demonic ancestry]
  3369 | D:6      | Reached XP level 7. HP: 47/55 MP: 7/7
  3536 | D:6      | Reached skill level 1 in Unarmed Combat
  3623 | D:6      | Reached skill level 2 in Unarmed Combat
  3677 | D:6      | Found a shattered altar of Ashenzari.
  3920 | D:6      | Reached skill level 3 in Unarmed Combat
  4106 | D:6      | Reached skill level 4 in Unarmed Combat
  4282 | D:6      | Became a worshipper of Qazlal Stormbringer
  4354 | D:7      | Reached XP level 8. HP: 60/61 MP: 8/8
  4361 | D:7      | Reached skill level 5 in Unarmed Combat
  4614 | D:7      | Found a sparkling altar of Nemelex Xobeh.
  4632 | D:7      | Got a dazzling morningstar
  4633 | D:7      | Identified the cursed +0 morningstar of Peace {flame, rElec Int+6 Dex-5 Stlth+} (You found it on level 7 of the Dungeon)
  4676 | D:7      | Reached skill level 1 in Invocations
  4700 | D:7      | Reached skill level 6 in Unarmed Combat
  4716 | D:7      | Found a staircase to the Ecumenical Temple.
  4931 | D:7      | Gained mutation: You have a pair of small horns on your head. [mutagenic meat]
  4934 | D:7      | Gained mutation: You are resistant to hostile enchantments. (MR+) [mutagenic meat]
  4937 | D:7      | Gained mutation: You regenerate slowly when monsters are visible. [mutagenic meat]
  4940 | D:7      | Gained mutation: Your spells are a little easier to cast, but a little less powerful. [mutagenic meat]
  4943 | D:7      | Gained mutation: You occasionally shout uncontrollably at your foes. [mutagenic meat]
  4946 | D:7      | Gained mutation: You are frail. (-10% HP) [mutagenic meat]
  5269 | D:7      | Reached * piety under Qazlal
  5290 | D:8      | Found a glowing golden altar of the Shining One.
  5305 | D:8      | Reached skill level 7 in Unarmed Combat
  5350 | D:8      | Noticed Psyche
  5371 | D:8      | Killed Psyche
  5371 | D:8      | Gained mutation: You have very sharp fingernails. [demonic ancestry]
  5371 | D:8      | Reached XP level 9. HP: 54/59 MP: 12/12
  5479 | D:8      | Reached skill level 5 in Invocations
  5583 | D:8      | Found a sacrificial altar of Ru.
  5646 | D:8      | Found a shimmering altar of Xom.
  5697 | D:8      | Found a staircase to the Lair.
  5761 | D:8      | Demolished by a yak

Vault maps used:
D:1:      zelgadis_glass_arrival_small
D:2:      fiery_altar_vehumet, minmay_randomly_rotated_circles
D:3:      uniq_sigmund
D:4:      lemuel_crystal_altar, zin_angel, fedhas_altar_fruit_tree, first_bread,
          serial_shops, kennysheep_little_box, minmay_rat_hole
D:5:      basic_altar, kennysheep_generic_room_14, uniq_eustachio
D:6:      ashenzari_altar_1, basic_altar, nicolae_lava_and_water
D:7:      basic_altar
D:8:      nicolae_tso_besieged_by_evil, xom_teletrap_fun,
          nicolae_ru_sacrificial_ziggurat, lemuel_crystal_altar, lair_0_dummy,
          hangedman_ranch, roderic_ancient_swastika, uniq_psyche

Skill      XL: |  1  2  3  4  5  6  7  8  9 |
---------------+----------------------------+-----
Dodging        | 1 2 3 |  3.7
Fighting       | 3 4 |  4.6
Long Blades    | 1 3 |  3.8
Unarmed Combat | 4 7 |  7.8
Invocations    | 4 5 |  5.3
Short Blades   | |  1.7
Throwing       | |  1.7
Stealth        | |  3.6

Action                   |  1- 3 |  4- 6 |  7- 9 || total
-------------------------+-------+-------+-------++-------
Melee: Dagger            |   104 |   155 |   211 ||   470
       Long sword        |       |     7 |    11 ||    18
       Punch             |       |       |     6 ||     6
       Headbutt          |       |       |    13 ||    13
       Unarmed           |       |       |    27 ||    27
 Fire: Blowgun           |     8 |    11 |    12 ||    31
Throw: Tomahawk          |       |       |     1 ||     1
  Use: Scroll            |     4 |       |     7 ||    11
 Stab: Sleeping          |     6 |     8 |     4 ||    18
  Eat: Chunk             |     1 |     5 |    13 ||    19
       Beef jerky        |       |     1 |       ||     1
       Pizza             |       |       |     1 ||     1
Armor: Robe              |     3 |       |       ||     3
       Ring mail         |    20 |    55 |    69 ||   144
Dodge: Dodged            |    48 |    89 |   130 ||   267
Block: Other             |       |       |     1 ||     1
